 Dungeon Crawl Stone Soup version 0.28-a0-297-g99b01970c5 (webtiles) character file.

Game seed: 7567253497122205615

1 Hastur the Skirmisher (level 1, -2/18 HPs)
             Began as a Demonspawn Cinder Acolyte on Aug 29, 2021.
             Was a High Priest of Ignis.
             Succumbed to a goblin's poison
             ... on level 1 of the Dungeon.
             The game lasted 00:01:53 (16 turns).

Hastur the Skirmisher (Demonspawn Cinder Acolyte)     Turns: 16, Time: 00:01:54

Health: -2/18      AC:  2    Str: 15    XL:     1   Next: 16%
Magic:  2/2        EV: 11    Int: 14    God:    Ignis [*****.]
Gold:   8          SH:  0    Dex:  8    Spells: 1/2 levels left

rFire   + . .      SeeInvis .   a - -1 hand axe (flame)
rCold   . . .      Faith    .   (no shield)
rNeg    . . .      Spirit   .   b - +0 robe
rPois   .          Reflect  .   (no helmet)
rElec   .          Harm     .   (no cloak)
rCorr   .          Rampage  .   (no gloves)
Will    .....                   (no boots)
Stlth   +.........              (no amulet)
HPRegen 0.06/turn               (no ring)
MPRegen 0.08/turn               (no ring)

@: lethally poisoned (-2 -> -30)
A: no striking features
a: Renounce Religion, Sea of Fire, Foxfire Swarm, Rising Flame


You were on level 1 of the Dungeon.
You worshipped Ignis.
Ignis was extremely pleased with you.
You visited 1 branch of the dungeon, and saw 1 of its levels.

You collected 8 gold pieces.

Inventory:

Hand Weapons
 a - a -1 hand axe of flaming (weapon)
Armour
 b - a +0 robe (worn)


   Skills:
 + Level 3.0 Fighting
 + Level 2.7 Axes
 - Level 1.0 Spellcasting
 - Level 0.9 Fire Magic


You had one spell level left.
You knew the following spells:

 Your Spells              Type           Power      Damage    Failure   Level
a - Foxfire               Conj/Fire      8%         2x1d4     22%         1

Your spell library contained the following spells:

 Spells                   Type           Power      Damage    Failure   Level


Dungeon Overview and Level Annotations

Branches:
Dungeon (1/15)

Altars:


Message History

You add the spell Foxfire to your library.
Options error: Bad channel -- pray (~/.crawlrc:4436) Options error: Bad channel -- food (~/.crawlrc:4439) Options error: Bad channel -- rotten_meat (~/.crawlrc:4456) Welcome, Hastur the Demonspawn Cinder Acolyte.
The bosom of this dungeon contains the legendary artefact, the Orb of Zot.
The flames of Ignis gently warm you.
Found 8 gold pieces.
Found a staircase leading out of the dungeon.
Okay, then.
You now have 8 gold pieces.
There is a staircase leading out of the dungeon here.
You can't go down here!
Unknown command.
Unknown command.
You conjure some foxfire!
As you open the door, it creaks loudly!
You hear a shout!
A quokka comes into view.
Found a club.
Found a scroll labelled OTAOFYESIS.
The foxfire hits the quokka.
You kill the quokka!
There is an open door here.
You see here a +0 club.
A goblin comes into view. It is wielding a +0 dagger of venom.
You see here a +0 club.
Unknown command.
You see here a +0 club.
You closely miss the goblin.
The goblin hits you with a +0 dagger of venom.
You are poisoned.
The goblin hits you with a +0 dagger of venom.
You are lethally poisoned!
You barely miss the goblin.
You feel very sick.
The goblin hits you with a +0 dagger of venom.
* * * LOW HITPOINT WARNING * * *
You are more poisoned.
You hit the goblin. You burn the goblin.
* * * LOW HITPOINT WARNING * * *
You feel very sick. The goblin hits you but does no damage.
You are more poisoned.
You hit the goblin. You burn the goblin.
You kill the goblin!
You die...

.#. .#..
..... #....
......
#....#+#####
#...)?#...#
###@#...#
#..)'.<.#
#.#..#...#
#..#+#####
..†..
#.#..#.
#.... ## ..
...


There were no monsters in sight!

Vanquished Creatures
  A goblin (D:1)
  A quokka (D:1)
2 creatures vanquished.

Vanquished Creatures (others)
  2 foxfires (D:1)
2 creatures vanquished.

Grand Total: 4 creatures vanquished

Notes
Turn   | Place    | Note
-------+----------+-------------------------------------------
     0 | D:1      | Hastur the Demonspawn Cinder Acolyte began the quest for
                  | the Orb.
     0 | D:1      | Reached XP level 1. HP: 18/18 MP: 2/2
    16 | D:1      | Succumbed to a goblin's poison

Illustrated notes

Levels and vault maps discovered:
D:1:      arrival_zaba_pyramid, layout_loops_ring, serial_shops,
          nicolae_lakefront_shop, nicolae_diamond_shop, shop, shop

Action                   || total
-------------------------++-------
Melee: Hand axe          ||     4
 Cast: Foxfire           ||     1
Armor: Robe              ||     1

Table legend: (Time is in decaauts)
 A = Elapsed time spent in this place.
 B = Non-inter-level travel time spent in this place.
 C = Inter-level travel time spent in this place.
 D = Time resting spent in this place.
 E = Time spent auto-exploring this place.
 F = Levels seen in this place.
 G = Mean time per level.
                   A        B        C        D        E       F      G
               +--------+--------+--------+--------+--------+-----+--------+
         Total |     16 |     16 |      0 |      0 |      0 |   1 |   16.0 |
       Dungeon |     16 |     16 |      0 |      0 |      0 |   1 |   16.0 |
               +--------+--------+--------+--------+--------+-----+--------+

Top non-repeatable levels by time:
     D:1: 16 daAuts
